 Dungeon Crawl Stone Soup version 0.19-a0-1851-g3228ea0 (webtiles) character file.

1316 tyvek the Martial Artist (level 8, -15/68 HPs)
             Began as a Black Draconian Transmuter on Oct 10, 2016.
             Was an Initiate of Cheibriados.
             Demolished by an orc warrior
             ... wielding a +0 battleaxe
              (28 damage)
             ... on level 5 of the Dungeon.
             The game lasted 00:17:46 (4886 turns).

tyvek the Martial Artist (DrTm)                     Turns: 4886, Time: 00:17:46

Health: -15/68     AC:  8    Str: 14    XL:     8   Next: 33%
Magic:  9/15       EV: 14    Int: 14    God:    Cheibriados [......]
Gold:   203        SH:  2    Dex: 15    Spells: 4 memorised, 5 levels left

rFire  . . .     SeeInvis .       - Unarmed
rCold  . . .     Gourm    .     (armour unavailable)
rNeg   . . .     Faith    .     (no shield)
rPois  .         Spirit   .     (helmet restricted)
rElec  +         Dismiss  .     y - +1 cloak
rCorr  .         Reflect  +     (no gloves)
MR     .....     Harm     .     (boots currently unavailable)
Stlth  ++........               t - +2 amulet of reflection
                                (no ring)
                                Q - ring of stealth

@: appendage (expiring), very slightly contaminated, very slow
A: breathe lightning, unfitting armour, talons 3, electricity resistance,
cold-blooded, AC +6
a: Breathe Lightning, End Transformation, Bend Time, Renounce Religion


You were on level 5 of the Dungeon.
You worshipped Cheibriados.
Cheibriados was noncommittal.
You were not hungry.
You had grown temporary talons.
You visited 2 branches of the dungeon, and saw 7 of its levels.

You collected 203 gold pieces.


Innate Abilities, Weirdness & Mutations

You can breathe wild blasts of lightning.
Your glossy black scales are hard. (AC +6)
You cannot fit into any form of body armour.
You are resistant to electric shocks. (rElec)
You are cold-blooded and may be slowed by cold attacks.
You have claws for feet.


   Skills:
 - Level 5.2 Fighting
 - Level 4.5 Dodging
 + Level 9.2 Unarmed Combat
 - Level 5.1 Spellcasting
 + Level 8.3 Transmutations
 - Level 1.3 Ice Magic


You had 5 spell levels left.
You knew the following spells:

 Your Spells              Type           Power        Failure   Level  Hunger
b - Blade Hands           Tmut           ####......   17%         5    ######.
c - Ice Form              Ice/Tmut       ###.....     24%         4    ####...
t - Sticks to Snakes      Tmut           ####....     1%          2    ##.....
z - Beastly Appendage     Tmut           ####..       1%          1    None

Inventory:

Missiles
 a - 75 arrows
Armour
 y - a +1 cloak (worn)
Jewellery
 t - a +2 amulet of reflection (around neck)
 Q - a ring of stealth (left hand)
Scrolls
 b - a scroll of holy word {unknown}
 d - a scroll of fog
 e - a scroll of amnesia {unknown}
 i - a scroll of remove curse {@r2}
 j - a scroll of enchant armour {unknown}
 k - a scroll of noise {!r}
 o - a scroll of identify {@r1}
Potions
 f - 2 potions of haste {@q3}
 g - 2 potions of might
 h - 2 potions of degeneration {unknown}
 l - a potion of invisibility
 p - 2 potions of lignification {!q}
 q - 2 potions of agility
 r - a potion of mutation {unknown}
 s - a potion of curing {@q1}
 u - a potion of brilliance
 w - 2 potions of cancellation {unknown}
Books
 v - a Young Poisoner's Handbook

   Spells                             Type                      Level
   a - Sting                          Conjuration/Poison           1
   b - Mephitic Cloud                 Conjuration/Poison/Air       3
   c - Olgreb's Toxic Radiance        Poison                       4
   d - Alistair's Intoxication        Transmutation/Poison         5
   e - Venom Bolt                     Conjuration/Poison           5
Comestibles
 c - 3 bread rations {@e1}
 m - 4 meat rations {@e1}
 n - 2 slices of pizza {@e2}
 x - 3 beef jerkies {@e2}
 A - a royal jelly {@e3}

Dungeon Overview and Level Annotations

Branches:
Dungeon (6/15)             Temple (1/1) D:5

Altars:
Ashenzari
Cheibriados
Elyvilon
Fedhas
Gozag
Hepliaklqana
Kikubaaqudgha
Makhleb
Nemelex Xobeh
Okawaru
Qazlal
Ru
Sif Muna
Trog
Uskayaw
Vehumet
Xom
Yredelemnul
Zin

Shops:
D:5

( ...8# #.....# ♣♣.♣
...########.# ♣.♣♣
...##8###8#.# ♣♣S♣
............# ♣.♣♣
.⌠..........# ♣♣.♣♣
............# ♣...♣♣
...##8###8### ♣....♣
...######### #....# #######
...8##...#.#####@.#####.....#
...##......#.#..o...........#
...##..........>S...........#
...####.#..#.#..)...........#
...8# #.#..#.#..............#
...## #.#..#.#............>.#
...# #.#..#.#....†.........#
.#.# #.#..#.#..............#
...# #.#..#.##.............#


You could see an orc warrior and a friendly adder.


Message History

Confirm with . or Enter, or press ? or * to list all spells.
You create 2 snakes!
You now have 75 arrows.
You block the orc warrior's attack.
The orc warrior barely misses your adder.
Your transformation is almost over.
Your adder misses the orc warrior. You punch the orc warrior!
Your kick misses the orc warrior.
The orc warrior is severely wounded.
Your adder bites the orc warrior.
Your ball python barely misses the orc warrior.
Your ball python grabs the orc warrior.
Your ball python constricts the orc warrior.
The orc warrior barely misses you.
The orc warrior hits your adder with a battleaxe!
The orc warrior barely misses your ball python.
Your adder bites the orc warrior but does no damage.
You hit the orc warrior. You tail-slap the orc warrior.
The orc warrior is severely wounded.
Your ball python bites the orc warrior but does no damage.
Your ball python constricts the orc warrior.
The orc warrior hits you with a battleaxe!!
* * * LOW HITPOINT WARNING * * *
The orc warrior misses your adder.
The orc warrior hits your ball python with a battleaxe!
Your ball python dies!
Your adder barely misses the orc warrior.
Your adder barely misses the orc warrior.
You feel better.
The orc warrior hits you with a battleaxe!!
You die...

Skill      XL: |  1  2  3  4  5  6  7 |
---------------+----------------------+-----
Unarmed Combat | 4 5 8 9 |  9.2
Transmutations | 3 4 7 8 |  8.3
Fighting       | 5 |  5.2
Dodging        | 4 |  4.5
Spellcasting   | 4 5 |  5.1
Ice Magic      | 1 |  1.3

Action                   |  1- 3 |  4- 6 |  7- 9 || total
-------------------------+-------+-------+-------++-------
Melee: Unarmed           |   180 |   156 |   111 ||   447
       Tailslap          |    17 |    13 |    15 ||    45
       Kick              |    12 |     9 |    10 ||    31
       Punch             |     2 |     1 |     2 ||     5
       Headbutt          |       |     7 |     2 ||     9
 Cast: Beastly Appendage |    10 |    15 |    12 ||    37
       Sticks to Snakes  |       |     5 |     9 ||    14
       Blade Hands       |       |       |     1 ||     1
 Abil: End Transformatio |     1 |       |       ||     1
Evoke: Wand              |       |     4 |       ||     4
  Use: Potion            |     1 |     1 |     5 ||     7
       Scroll            |       |     8 |     6 ||    14
 Stab: Sleeping          |     1 |     1 |     2 ||     4
       Distracted        |       |     1 |     2 ||     3
  Eat: Chunk             |     1 |     8 |     5 ||    14
       Pizza             |       |       |     1 ||     1
Armor: Skin              |    44 |    50 |    35 ||   129
Dodge: Dodged            |   108 |   115 |   107 ||   330
Block: Other             |       |    11 |     9 ||    20

Vault maps used:
D:1:      onia_arrival_mini_spirals
D:2:      gammafunk_temple_overflow_elements, uniq_iyjb, uniq_natasha
D:4:      lemuel_blue_sif_altar, old_standard_altar,
          gammafunk_temple_overflow_wave, kennysheep_path_1
D:5:      first_bread, serial_shops, shop_statue, corexii_hall_statues_x,
          uniq_crazy_yiuf_cottage
D:6:      overflow_temple_1_default
Temple:   nicolae_temple_god_jail

Notes
Turn   | Place    | Note
-------+----------+-------------------------------------------
     0 | D:1      | tyvek the Draconian Transmuter began the quest for the Orb.
     0 | D:1      | Reached XP level 1. HP: 16/16 MP: 3/3
   173 | D:1      | Reached XP level 2. HP: 13/23 MP: 3/5
   694 | D:1      | Reached XP level 3. HP: 26/28 MP: 6/6
  1044 | D:2      | Reached skill level 4 in Unarmed Combat
  1087 | D:2      | Reached skill level 3 in Transmutations
  1103 | D:2      | Noticed Ijyb
  1186 | D:2      | Killed Ijyb
  1186 | D:2      | Reached XP level 4. HP: 19/35 MP: 7/7
  1668 | D:2      | Noticed Natasha
  1676 | D:2      | Killed Natasha
  1683 | D:2      | Learned a level 2 spell: Sticks to Snakes
  1817 | D:2      | Found a sparkling altar of Nemelex Xobeh.
  1817 | D:2      | Found a hide-covered altar of Uskayaw.
  1923 | D:3      | Reached XP level 5. HP: 34/40 MP: 8/8
  2106 | D:3      | Reached skill level 5 in Unarmed Combat
  2153 | D:3      | Reached skill level 4 in Transmutations
  2548 | D:4      | Found a hazy altar of Hepliaklqana.
  2982 | D:4      | Reached XP level 6. HP: 38/47 MP: 7/9
  3147 | D:3      | Identified a potion of experience
  3148 | D:3      | Reached skill level 5 in Fighting
  3148 | D:3      | Reached skill level 4 in Dodging
  3148 | D:3      | Reached skill level 8 in Unarmed Combat
  3148 | D:3      | Reached skill level 4 in Spellcasting
  3148 | D:3      | Reached skill level 7 in Transmutations
  3148 | D:3      | Your scales start taking on a glossy black colour.
  3148 | D:3      | Reached XP level 7. HP: 61/61 MP: 9/14
  3148 | D:3      | Gained mutation: You are resistant to electric shocks. (rElec) [Black Draconian growth]
  3154 | D:3      | Learned a level 4 spell: Ice Form
  3160 | D:3      | Learned a level 5 spell: Blade Hands
  3194 | D:4      | Reached skill level 8 in Transmutations
  3238 | D:4      | Reached skill level 9 in Unarmed Combat
  3248 | D:4      | Found a shimmering altar of Xom.
  3248 | D:4      | Found an iron altar of Okawaru.
  3388 | D:4      | Found a deep blue altar of Sif Muna.
  3527 | D:5      | Entered Level 5 of the Dungeon
  3546 | D:5      | Reached skill level 1 in Ice Magic
  3740 | D:5      | Found a staircase to the Ecumenical Temple.
  3788 | D:5      | Found a runed door.
  3804 | Temple   | Entered the Ecumenical Temple
  3867 | Temple   | Became a worshipper of Cheibriados the Contemplative
  4116 | D:5      | Noticed tyvek's ghost (amateur DrTm)
  4123 | D:5      | Killed tyvek's ghost
  4123 | D:5      | Reached skill level 5 in Spellcasting
  4131 | D:5      | Found Weujesch's Weapon Emporium.
  4142 | D:5      | Reached XP level 8. HP: 45/68 MP: 12/15
  4453 | D:5      | Noticed Crazy Yiuf
  4459 | D:5      | Killed Crazy Yiuf
  4666 | D:5      | Reached * piety under Cheibriados
  4884 | D:5      | HP: 3/68 [orc warrior/battleaxe (24)]
  4886 | D:5      | Demolished by an orc warrior

Vanquished Creatures
  The ghost of tyvek the Ruffian, an amateur DrTm of Cheibriados (D:5)
  2 ogres (D:5)
  A bullfrog (D:3)
  2 killer bees (D:5)
  A crimson imp (D:5)
  3 hounds
  An orc wizard (D:4)
  Crazy Yiuf (D:5)
  2 orc priests (D:4)
  Ijyb (D:2)
  A worker ant (D:5)
  Natasha (D:2)
  5 adders
  3 oozes
  A worm (D:2)
  An adder skeleton (D:4)
  A dart slug (D:2)
  5 leopard geckos
  8 orcs
  2 giant cockroaches (D:1)
  7 goblins
  8 hobgoblins
  2 jackals (D:5)
  2 quokkas
  A ball python (D:4)
  9 bats
  10 frilled lizards
  9 kobolds
  A leopard gecko zombie (D:5)
  7 rats
99 creatures vanquished.

Vanquished Creatures (collateral kills)
  3 killer bees (D:5)
  An adder (D:5)
  An orc (D:4)
5 creatures vanquished.

Vanquished Creatures (others)
  An adder (D:3)
  A kobold (D:3)
2 creatures vanquished.

Grand Total: 106 creatures vanquished
